 Dungeon Crawl Stone Soup version 0.30-a0-118-ga018f8e90f (webtiles) character file.

Game seed: 2892390326557329452

123 Newt the Trooper (level 4, -1/37 HPs)
             Began as a Demonspawn Gladiator on Sept 13, 2022.
             Was an Initiate of Kikubaaqudgha.
             Killed from afar by Sigmund (4 damage)
             ... with a magic dart
             ... on level 2 of the Dungeon.
             The game lasted 00:03:32 (1511 turns).

Newt the Trooper (Demonspawn Gladiator)             Turns: 1511, Time: 00:03:34

Health: -1/37      AC:  8    Str: 14    XL:     4   Next: 80%
Magic:  4/4        EV: 12    Int: 10    God:    Kikubaaqudgha [......]
Gold:   56         SH:  0    Dex: 16    Spells: 3/3 levels left

rFire   . . .      SeeInvis .    a - +0 rapier
rCold   . . .      Faith    .    (no shield)
rNeg    . . .      Spirit   .    b - +0 leather armour
rPois   .          Reflect  .    c - +0 helmet
rElec   .          Harm     .    (no cloak)
rCorr   .          Rampage  .    (no gloves)
Will    .....                    g - +0 pair of boots
Stlth   +.........               (no amulet)
HPRegen 0.12/turn                (no ring)
MPRegen 0.09/turn                (no ring)

@: confused, brilliant, on berserk cooldown, flying, hasted and slowed
A: slimy green scales 2, powered by death 1
a: Renounce Religion


You were on level 2 of the Dungeon.
You worshipped Kikubaaqudgha.
Kikubaaqudgha was noncommittal.
You visited 1 branch of the dungeon, and saw 2 of its levels.

You collected 56 gold pieces.

Inventory:

Hand Weapons
 a - a +0 rapier (weapon)
Missiles
 d - 2 throwing nets (quivered)
 l - 2 poisoned darts
Armour
 b - a +0 leather armour (worn)
 c - a +0 helmet (worn)
 g - a +0 pair of boots (worn)
Jewellery
 q - an amulet of magic regeneration
Scrolls
 f - a scroll of identify {unknown}
 h - a scroll of blinking {unknown}
 m - a scroll of teleportation {unknown}
 o - a scroll of silence {unknown}
Potions
 i - 2 potions of brilliance


   Skills:
 - Level 4.0 Fighting
 + Level 3.3 Short Blades
 - Level 1.7 Throwing
 - Level 2.6 Dodging
 - Level 2.0 Stealth


You had 3 spell levels left.
You didn't know any spells.
Your spell library contained the following spells:

 Spells                   Type           Power      Damage    Failure   Level
 Necrotise                Necr           0%         1d4       43%         1
 Vampiric Draining        Necr           0%         2d6       82%         3
 Agony                    Necr           0%         N/A       100%        5


Dungeon Overview and Level Annotations

Branches:
Dungeon (2/15)

Altars:
Kikubaaqudgha

Annotations:
D:2 Sigmund


Innate Abilities, Weirdness & Mutations

You are mostly covered in slimy green scales. (AC +3)
You regenerate a little health from kills.


Message History

You hear some strange, mumbled words.
You are confused.
Unknown command.
Something hits you.
* * * LOW HITPOINT WARNING * * *
Unknown command.
It was a potion of haste.
You feel yourself speed up.
You hear some strange, mumbled words.
You are more confused.
Unknown command.
It was a potion of berserk rage.
A red film seems to cover your vision as you go berserk!
You feel yourself moving faster!
You feel mighty!
A magic dart appears from out of thin air!
The magic dart hits you but does no damage.
Unknown command.
You feel a strong urge to attack something.
You bump into the rock wall.
You feel your anger nearly subside.
You hear some strange, mumbled words.
You are more confused.
You miss something. Something hits you but does no damage.
You are no longer berserk.
You are exhausted.
You feel yourself slow down.
Sigmund appears from thin air!
Reactivating autopickup.
You see here 2 javelins.
Unknown command.
Non-targeted confused throw: 3 throwing nets
Press: ? - help, Q - select action, (/) - cycle Dir - look around, f - activate You throw a throwing net.
Sigmund barely misses you.
Unknown command.
Unknown command.
You bump into the rock wall.
Sigmund barely misses you.
Unknown command.
Sigmund gestures at you while chanting. The magic dart hits you.
You die...
Kikubaaqudgha rasps: "You have failed me!
Welcome... death!"

.# ...# .### ....#
##... .....## #...##
....+. .....# ...(
#(.?# #..##..# #..#.#
.##.#..(@# .###
#+..##....@## #~≈≈
#.#.....##.(# ≈≈≈≈≈
#.##...# ##†#
#≈≈≈##.###..# #.#
.#≈≈≈~...###..###.#
.#≈≈≈~....###.....#
#≈≈≈~.....####.####.#
##≈≈≈~#.##...........#


You could see Sigmund.

Vanquished Creatures
  A necrophage (D:2)
  2 adders (D:2)
  A worm (D:2)
  2 dart slugs (D:1)
  2 bats
  3 endoplasms
  A giant cockroach (D:1)
  5 hobgoblins
  4 kobolds
  3 quokkas (D:1)
  5 ball pythons
  2 frilled lizards
  3 goblins (D:1)
  5 rats
39 creatures vanquished.

Notes
Turn   | Place    | Note
-------+----------+-------------------------------------------
     0 | D:1      | Newt the Demonspawn Gladiator began the quest for the Orb.
     0 | D:1      | Reached XP level 1. HP: 16/16 MP: 1/1
   136 | D:1      | Reached skill level 1 in Stealth
   275 | D:1      | Gained mutation: You are partially covered in slimy green
                  | scales. (AC +2) [demonic ancestry]
   275 | D:1      | Reached XP level 2. HP: 22/22 MP: 2/2
   632 | D:1      | Gained mutation: You are mostly covered in slimy green
                  | scales. (AC +3) [demonic ancestry]
   632 | D:1      | Reached XP level 3. HP: 28/28 MP: 3/3
  1048 | D:2      | Found an ancient bone altar of Kikubaaqudgha.
  1056 | D:2      | Became a worshipper of Kikubaaqudgha
  1088 | D:2      | Noticed a necrophage
  1103 | D:2      | Killed a necrophage
  1104 | D:2      | Reached skill level 4 in Fighting
  1104 | D:2      | Gained mutation: You regenerate a little health from kills.
                  | [demonic ancestry]
  1104 | D:2      | Reached XP level 4. HP: 23/37 MP: 4/4
  1402 | D:2      | Found a faded altar of an unknown god.
  1448 | D:2      | Noticed Sigmund
  1485 | D:2      | HP: 1/37 [something (9)]
  1511 | D:2      | Killed from afar by Sigmund

Illustrated notes

Levels and vault maps discovered:
D:1:      roderic_dead_forest, layout_loops_corners, minmay_pentomino_p4
D:2:      layout_loops_corners, nicolae_ecumenical_lake_church, basic_altar,
          minmay_bisected, uniq_sigmund

Skill      XL: |  1  2  3  4 |
---------------+-------------+-----
Stealth        | 1 2 |  2.0
Fighting       | 4 |  4.0
Short Blades   | 3 |  3.3
Throwing       | |  1.7
Dodging        | |  2.6

Action                   |  1- 3 |  4- 6 || total
-------------------------+-------+-------++-------
Melee: Rapier            |    91 |    54 ||   145
       Punch             |     1 |       ||     1
Throw: Javelin           |       |     4 ||     4
       Throwing net      |       |     1 ||     1
  Use: Potion            |       |     5 ||     5
 Stab: Sleeping          |     3 |     1 ||     4
Armor: Leather armour    |    29 |    25 ||    54
Dodge: Dodged            |    47 |    21 ||    68

Table legend: (Time is in decaauts)
 A = Elapsed time spent in this place.
 B = Non-inter-level travel time spent in this place.
 C = Inter-level travel time spent in this place.
 D = Time resting spent in this place.
 E = Time spent auto-exploring this place.
 F = Levels seen in this place.
 G = Mean time per level.
                   A        B        C        D        E       F      G
               +--------+--------+--------+--------+--------+-----+--------+
         Total |   1520 |   1499 |     21 |      0 |   1145 |   2 |  760.0 |
       Dungeon |   1520 |   1499 |     21 |      0 |   1145 |   2 |  760.0 |
               +--------+--------+--------+--------+--------+-----+--------+

Top non-repeatable levels by time:
     D:1: 1053 daAuts
     D:2: 467 daAuts
